Map: Whirlwind LE (Void)

Players

SpeCial

  • Race: Terran Terran
  • League: Grandmaster
  • Spawn Location: 11:00

Nerchio - Winner!

  • Race: Zerg Zerg
  • League: Master
  • Spawn Location: 7:00

Event: NationWars IV

VOD

Have the link to the VOD?

Description

Time

  • Played on: Jan. 5, 2017, 4:24 p.m.
  • Length: 5:13

All games in this series

Show
View Real Time Build Order
Export as new Build Order

SpeCial Terran 

Build Orders: Reaper Expand 

Get SALT Encoding   

  12  0:00  SCV  
  13  0:13  SCV  
  14  0:17  Supply Depot  
  14  0:25  SCV  
  14  0:27  Refinery  
  15  0:38  SCV  
  16  0:44  Barracks  
  16  0:51  SCV  
  17  1:03  SCV  
  18  1:15  SCV  
  19  1:31  Orbital Command  
  19  1:32  Reaper  
  20  1:42  Command Center  
  20  1:52  Factory  
  20  1:57  SCV  
  21  2:05  Refinery, Barracks Reactor  
  21  2:09  SCV  
  21  2:14  Supply Depot  
  22  2:21  SCV  
  23  2:35  SCV  
  24  2:37  Starport  
  24  2:46  Hellion  
  24  2:47  Hellion, Marine  
  24  2:49  SCV  
  30  2:54  Orbital Command  
  30  3:01  SCV  
  31  3:10  Hellion  
  35  3:15  SCV  
  36  3:20  Cyclone  
  36  3:22  Marine  
  36  3:23  Starport Tech Lab  
  38  3:27  SCV  
  36  3:40  Marine  
  37  3:41  Banshee  
  36  3:59  SCV x2  
  30  4:11  SCV x2  
  31  4:18  Supply Depot  
  31  4:20  Factory Reactor, Barracks Tech Lab  
  31  4:31  SCV x2  
  29  4:39  Marine  
  29  4:40  Viking  
  29  4:41  Supply Depot  
  29  4:43  SCV x2  
  34  4:52  Command Center  
  34  4:55  SCV x2  
Show
View Real Time Build Order
Export as new Build Order

Nerchio Zerg - Winner!

Build Orders: Pool First 

Get SALT Encoding   

  12  0:00  Drone  
  13  0:12  Overlord  
  13  0:17  Drone  
  14  0:30  Drone x2  
  14  0:34  Drone  
  17  0:43  Extractor  
  17  0:45  Drone  
  17  0:49  Spawning Pool  
  16  0:55  Drone  
  17  1:15  Hatchery  
  17  1:18  Drone  
  17  1:28  Drone  
  18  1:36  Zergling x2, Roach Warren  
  18  1:47  Queen  
  18  1:52  Drone  
  21  1:58  Overlord  
  21  2:17  Roach x2  
  21  2:21  Roach  
  27  2:27  Roach  
  29  2:32  Queen  
  31  2:37  Drone  
  31  2:39  Drone  
  33  2:47  Overlord  
  33  2:51  Drone  
  34  2:56  Drone x2  
  36  3:05  Ravager x2  
  38  3:07  Drone x3  
  38  3:10  Drone  
  42  3:15  Roach  
  44  3:20  Overlord  
  44  3:25  Metabolic Boost  
  43  3:42  Roach  
  43  3:43  Drone x3  
  43  3:44  Drone x3  
  43  3:48  Drone  
  52  3:54  Overlord  
  48  4:04  Overlord, Drone  
  48  4:06  Drone x2  
  51  4:21  Zergling x6, Hatchery  
  53  4:27  Queen  
  53  4:30  Zergling x2  
  56  4:34  Zergling x2  
  56  4:37  Zergling x2  
  56  4:38  Zergling x8, Spore Crawler  
  54  4:43  Zergling x6  
  58  4:53  Zergling x2  
  58  4:54  Zergling x2  
  58  4:56  Evolution Chamber  
Tags
 
Add a new tag
Caveats
  • Supply blocks, unpowered buildings, or Contaminate may cause inaccurate times.
  • Supply counts are checked every 10 seconds.